Unix NetHack Version 5.0.0-0 post-release - last build Jun 10 2026 00:39:30 (3ee93aec679c4c4259841fe613dc97188e26a321,branch:main).

Game began 2026-06-16 19:14:00, ended 2026-06-16 19:36:21.

Aranth, neutral female human Barbarian

                                                 -----
                                               ---.|.--
                                               -......--
                                             -.........|.
                                          G....)..........
                                          -@......  ..`...
                                          -.....^.........
                                          ......[........
                                          .......)....
                                           --.|.|.....(
                                            -----..<)).
                                                  -)...
                                                  --...
                                                   .)..
                                                   ...

Aranth the Pillager        St:18 Dx:18 Co:18 In:7 Wi:7 Ch:7  Neutral
Dlvl:6  $:252 HP:0(48) Pw:11(11) AC:2  Xp:5 T:2648  Burdened

Latest messages:
 The hobgoblin hits!
 You are conscious again.
 You smite the hobgoblin!
 The hobgoblin hits!
 You kill the hobgoblin!
 The jackal bites!
 You kill the jackal!
 The jackal bites!
 The jackal bites!
 You kill the jackal!
 You have a little trouble lifting M - a green gem.
 You fall down the stairs.
 With great effort you move the boulder.
 You kill the gnome!
 You see here a magenta potion.
 You hear a G sharp squeak in the distance.
 You have a little trouble lifting N - a magenta potion.
 You are hit by a dwarvish spear!
 You miss the dwarf.
 The dwarf wields a dwarvish short sword!
 You miss the dwarf.
 The dwarf thrusts his dwarvish short sword.
 The dwarf hits!
 You miss the dwarf.
 You miss the dwarf.
 The dwarf thrusts his dwarvish short sword.
 The dwarf hits!
 You smite the dwarf.
 You hear some noises in the distance.
 The dwarf thrusts his dwarvish short sword.
 The dwarf hits!
 Click!  You trigger a rolling boulder trap!
 Fortunately for you, no boulder was released.
 You smite the dwarf!
 A crossbow bolt misses you.
 A crossbow bolt misses you.
 You kill the dwarf!
 There are several objects here.
 You have a little trouble lifting O - a dwarvish roundshield.
 You hear some noises in the distance.
 You hear a nearby zap.
 The wand misses you.
 The gnome zaps an ebony wand!
 The wand hits you!
 You die...
 Do you want your possessions identified? [ynq] (y) n
 Do you want to see your attributes? [ynq] (y) n
 Do you want an account of creatures vanquished? [ynaq] (y) y
 Do you want to see your conduct and achievements? [ynq] (y) n
 Do you want to see the dungeon overview? [ynq] (y) y

Inventory:
 Coins    ('$')
  $ - 252 gold pieces
 Weapons  (')')
  a - a +0 battle-axe
  H - a +0 dwarvish mattock (alternate weapon; not wielded)
  w - a +0 scimitar (weapon in left hand)
  b - a +0 short sword
 Armor    ('[')
  C - an uncursed +0 dwarvish iron helm (being worn)
  u - an uncursed +0 orcish helm
  x - an uncursed +0 orcish helm
  k - an uncursed +0 pair of leather gloves (being worn)
  s - an uncursed +0 pair of high boots (being worn)
  O - a cursed -1 dwarvish roundshield
  D - an uncursed +0 dwarvish cloak (being worn)
  c - a blessed +0 ring mail (being worn)
 Comestibles  ('%')
  y - an uncursed slime mold
  B - an uncursed food ration
  g - 2 uncursed tripe rations
 Spellbooks  ('+')
  e - an uncursed spellbook of chain lightning
  l - an uncursed spellbook of drain life
 Potions  ('!')
  n - an uncursed potion of confusion
  j - an uncursed potion of extra healing
  m - a cursed potion of extra healing
  o - an uncursed potion of gain level
  N - an uncursed potion of healing
  i - an uncursed potion of invisibility
 Rings    ('=')
  A - a cursed -1 ring of increase damage
 Wands    ('/')
  r - a wand of probing (0:7)
 Tools    ('(')
  F - an uncursed tooled horn
  J - an uncursed towel
 Gems/Stones  ('*')
  M - an uncursed emerald
  E - an uncursed jet stone
  G - an uncursed worthless piece of orange glass
  K - an uncursed worthless piece of red glass
  I - an uncursed worthless piece of violet glass
  z - 2 uncursed worthless pieces of yellow glass
  L - an uncursed worthless piece of yellowish brown glass

Aranth the Barbarian's attributes:

Background:
 You were a Pillager, a level 5 female human Barbarian.
 You were neutral, on a mission for Crom
 who was opposed by Mitra (lawful) and Set (chaotic).
 You were left-handed.
 You were in the Gnomish Mines, on level 6.
 You entered the dungeon 2648 turns ago.
 There was a new moon in effect when your adventure ended.
 You had 240 experience points, 80 more were needed to attain level 6.

Basics:
 You had 0 out of 48 hit points.
 You had all 11 energy points (spell power).
 Your armor class was 2.
 Your wallet contained 252 zorkmids.
 Autopickup was off.

Final Characteristics:
 Your strength was 18 (limit:18/100).
 Your dexterity was 18 (limit:18).
 Your constitution was 18 (limit:18).
 Your intelligence was 7 (limit:18).
 Your wisdom was 7 (limit:18).
 Your charisma was 7 (limit:18).

Final Status:
 You weren't hungry.
 You were burdened; movement was slightly slowed.
 You were wielding a saber.
 You had basic skill with saber.

Final Attributes:
 You were piously aligned.
 Your items were somewhat protected from fire.
 Your items were somewhat protected from cold.
 You were poison resistant.
 You were warded.
 You are dead.

Miscellaneous:
 You didn't encounter any bones levels.
 Total elapsed playing time was 22 minutes and 19 seconds.

Major events:
 Turn
    1: Aranth the neutral female human Barbarian entered the dungeon
 1196: attained the rank of Pillager (level 3)
 1960: entered the Gnomish Mines
 2648: killed by a wand

You didn't know any spells.

Skills:
 Fighting Skills
   bare handed combat [Basic]
   two weapon combat  [Unskilled]
   riding             [Unskilled]
 Weapon Skills
   dagger             [Unskilled]
   axe                [Basic]
   pick-axe           [Unskilled]
   short sword        [Basic]
   broadsword         [Unskilled]
   long sword         [Unskilled]
   two-handed sword   [Unskilled]
   saber              [Basic]
   club               [Unskilled]
   mace               [Unskilled]
   morning star       [Unskilled]
   flail              [Unskilled]
   hammer             [Unskilled]
   quarterstaff       [Unskilled]
   spear              [Unskilled]
   trident            [Unskilled]
   bow                [Unskilled]
 Spellcasting Skills
   attack spells      [Unskilled]
   escape spells      [Unskilled]

Voluntary challenges:
 Character rerolling was not enabled.
 You never genocided any monsters.
 You never polymorphed an object.
 You never changed form.
 You used no wishes.
Achievements:
 You entered a shop.
 You attained the rank of Pillager.
 You entered the Gnomish Mines.

 The Dungeons of Doom: levels 1 to 4
    Level 1:
    Level 2:
       A fountain.
    Level 3:
       A general store, an altar to Crom, some fountains, a sink.
    Level 4:
       Stairs down to The Gnomish Mines.
 The Gnomish Mines: levels 5 to 6
    Level 5:
    Level 6: <- You were here.
       Final resting place for
          you, killed by a wand.


Vanquished creatures:
  a yellow light
  2 gnome leaders
  2 straw golems
  5 dwarves
 an iguana
  2 hobbits
  2 hobgoblins
  a cave spider
  a yellow mold
  a red mold
 14 gnomes
  a gecko
 12 jackals
  a fox
  2 kobolds
  3 goblins
  3 grid bugs
  6 lichens
  a kobold zombie
  2 newts
63 creatures vanquished.

No species were genocided or became extinct.

Game over:
                       ----------
                      /          \
                     /    REST    \
                    /      IN      \
                   /     PEACE      \
                  /                  \
                  |      Aranth      |
                  |      252 Au      |
                  | killed by a wand |
                  |                  |
                  |                  |
                  |                  |
                  |       2026       |
                 *|     *  *  *      | *
        _________)/\\_//(\/(/\)/\//\/|_)_______

Goodbye Aranth the Barbarian...

You died in The Gnomish Mines on dungeon level 6 with 1437 points,
and 252 pieces of gold, after 2648 moves.
You were level 5 with a maximum of 48 hit points when you died.

